 Dungeon Crawl Stone Soup version 0.32-a0-814-g0968bab981 (webtiles) character file.

Game seed: 4533020160087002711

1855 smashvw the Summoner (level 9, -4/62 HPs)
             Began as a Merfolk Summoner on Mar 23, 2024.
             Killed from afar by an electric eel (5 damage)
             ... with a bolt of electricity
             ... on level 5 of the Dungeon.
             The game lasted 00:14:20 (5765 turns).

smashvw the Summoner (Merfolk Summoner)             Turns: 5765, Time: 00:14:21

Health: -4/62      AC:  7    Str:  9    XL:     9   Next: 12%
Magic:  26/28      EV: 28    Int: 16    God:
Gold:   256        SH:  0    Dex: 16    Spells: 13/21 levels left

rFire   . . .        l - +7 staff of the Meek {protect, meekguard}
rCold   . . .        (shield currently unavailable)
rNeg    . . .        A - +0 steam dragon scales
rPois   .            h - +0 helmet
rElec   .            (no cloak)
rCorr   .            j - +0 pair of gloves
SInv    .            (no boots)
Will    .....        g - amulet of the acrobat
Stlth   +++          u - ring of magical power
HPRegen 0.30/turn    (no ring)
MPRegen 0.21/turn

%: acrobat
@: acrobatic, unable to call your familiar
A: (nimble swimmer 2), mertail
a: no special abilities


You were on level 5 of the Dungeon.
You visited 1 branch of the dungeon, and saw 5 of its levels.

You collected 256 gold pieces.

Inventory:

Hand Weapons
 k - a +1 dagger of electrocution
 l - the +7 staff of the Meek (weapon) {protect, meekguard}
   (You found it on level 3 of the Dungeon)
Armour
 a - a +0 robe
 h - a +0 helmet (worn)
 j - a +0 pair of gloves (worn)
 A - +0 steam dragon scales (worn)
Jewellery
 f - an amulet of reflection
 g - an amulet of the acrobat (around neck)
 s - an amulet of faith
 u - a ring of magical power (left hand)
Wands
 n - a wand of iceblast (6) (quivered)
 x - a wand of polymorph (10)
Scrolls
 c - a scroll of brand weapon {unknown}
 e - 4 scrolls of identify {unknown}
 m - a scroll of noise {unknown}
 o - a scroll of vulnerability {unknown}
 q - a scroll of teleportation {unknown}
 v - 2 scrolls of enchant armour {unknown}
 w - a scroll of immolation {unknown}
 y - a scroll of fear {unknown}
 z - a scroll of poison {unknown}
Potions
 b - a potion of magic
 d - 3 potions of curing {unknown}
 i - 2 potions of attraction {unknown}
 p - a potion of might {unknown}
 r - a potion of invisibility {unknown}
 t - 2 potions of brilliance {unknown}


   Skills:
 + Level 2.5 Fighting
 + Level 4.3 Dodging
 + Level 3.7 Stealth
 + Level 6.8 Spellcasting
 + Level 8.2 Summonings
 - Level 2.0 Fire Magic


You had 13 spell levels left.
You knew the following spells:

 Your Spells              Type           Power      Damage    Failure   Level
a - Summon Small Mammal   Summ           100%       N/A       1%          1
b - Call Canine Familiar  Summ           31%        N/A       1%          3
c - Summon Blazeheart Go  Fire/Summ      22%        N/A       16%         4

Your spell library contained the following spells:

 Spells                   Type           Power      Damage    Failure   Level
 Call Imp                 Summ           62%        N/A       1%          2
 Apportation              Tloc           10%        N/A       13%         1
 Necrotise                Necr           20%        1d5       13%         1
 Sting                    Conj/Alch      20%        1d4       13%         1
 Blink                    Tloc           10%        N/A       19%         2
 Lesser Beckoning         Tloc           10%        N/A       19%         2
 Momentum Strike          Conj/Tloc      10%        3d8       19%         2
 Summon Lightning Spire   Summ/Air       18%        N/A       22%         4
 Chain Lightning          Conj/Air       2%         3d3       100%        9
 Fire Storm               Conj/Fire      4%         8d1       100%        9
 Shatter                  Erth           2%         3d6*      100%        9


Dungeon Overview and Level Annotations

Branches:
Dungeon (5/15)
 Temple: D:4-7

Altars:
Sif Muna
Beogh

Annotations:
D:4 3 runed translucent doors, olddryhag's ghost, novice CoWn


Innate Abilities, Weirdness & Mutations

((You are very nimble when in or above water. (Stealth+, EV+, Speed+++)))
Your lower body shifts to a powerful aquatic tail in water.


Message History

A nearby plant withers and dies.
The electric eel shoots out a bolt of lightning at you!
The bolt of electricity hits the electric eel.
The electric eel completely resists.
The bolt of electricity hits the plant!
The bolt of electricity misses you.
A nearby plant withers and dies.
There is an open door here.
The electric eel shoots out a bolt of lightning at you!
The bolt of electricity hits the plant!
The bolt of electricity hits you!
* * * LOW HITPOINT WARNING * * *
You start resting.
An electric eel is nearby!
An electric eel is nearby!
You start resting.
HP restored.
There is an open door here.
Casting: Summon Blazeheart Golem (dangerous; 16% risk of failure)
Confirm with . or Enter, or press ? or * to list all spells.
You call for your canine familiar and it appears with a howl!
The electric eel shoots out a bolt of lightning at you!
The bolt of electricity hits your inugami!
The bolt of electricity hits you!
Okay, then.
The electric eel shoots out a bolt of lightning at you!
The bolt of electricity hits your inugami!
Your inugami dies!
Your inugami disappears in a puff of smoke!
The bolt of electricity misses you.
The electric eel shoots out a bolt of lightning at you!
The bolt of electricity hits you! x2
The electric eel shoots out a bolt of lightning at you!
The bolt of electricity hits you! x2
* * * LOW HITPOINT WARNING * * *
There is an open door here.
The electric eel shoots out a bolt of lightning at you!
The bolt of electricity hits you!
* * * LOW HITPOINT WARNING * * *
The electric eel shoots out a bolt of lightning at you!
The bolt of electricity hits you.
You die...

..####.........##.#...###########
.## ##.......###.##.## # ##
##..............##### ##
##...#.###.##......# #.
########.# #.##..###.# #.
##~~~..#### #.##..###.# #[
##.####.~†#####.....##.# #.
####.## +##~~~..###...##.# #.
#..#.# #####@.#....##.# #.
#.##.#.....##..'####.#.##.# #.
#.##~#P~.PP#.....# #......# #.
...#~#[P...#.....#####.#### #.
#.##~#~~$[.#~~.S.#.....# #.
#.##~#S≈.≈≈#~.~~(####### ##
#.##~##≈S≈##.?/~.# #
#..##.######≈S)≈≈# #
######....~##≈≈≈### #####


You could see 2 electric eels.

Vanquished Creatures
  A vampire mosquito (D:5)
  A black bear (D:5)
  An orc warrior (D:5)
  An ice beast (D:5)
  A centaur (D:5)
  A bullfrog (D:5)
  3 scorpions (D:5)
  An electric eel (D:5)
  4 bombardier beetles
  3 hounds (D:5)
  3 sleepcaps
  Jessica (D:2)
  2 iguanas (D:5)
  3 orc wizards
  Robin (D:3)
  5 adders
  A ribbon worm (D:3)
  7 orcs
  5 ball pythons
  5 endoplasms
  2 giant cockroaches
  15 goblins
  4 hobgoblins
  2 jackals (D:2)
  4 kobolds
  4 bats
  4 frilled lizards (D:2)
  2 rats
87 creatures vanquished.

Vanquished Creatures (collateral kills)
  A steam dragon (D:5)
  A water moccasin (D:5)
  A phantom (D:5)
  A hound (D:5)
  2 orc priests
  An iguana (D:5)
  2 orc wizards
  3 adders (D:2)
  A dart slug (D:2)
  3 orcs
  2 bats
  2 endoplasms
  2 giant cockroaches (D:1)
  2 hobgoblins (D:1)
  5 jackals (D:2)
  2 rats
31 creatures vanquished.

Vanquished Creatures (others)
  2 blazeheart cores (D:5)
2 creatures vanquished.

Grand Total: 120 creatures vanquished

Notes
Turn   | Place    | Note
-------+----------+-------------------------------------------
     0 | D:1      | smashvw the Merfolk Summoner began the quest for the Orb.
     0 | D:1      | Reached XP level 1. HP: 13/13 MP: 3/3
   208 | D:1      | Reached XP level 2. HP: 19/19 MP: 1/5
  1127 | D:2      | Reached XP level 3. HP: 24/24 MP: 6/6
  1442 | D:2      | Noticed Jessica
  1452 | D:2      | Killed Jessica
  1453 | D:2      | Reached XP level 4. HP: 15/30 MP: 5/8
  1458 | D:2      | Learned a level 3 spell: Call Canine Familiar
  1542 | D:2      | Reached skill level 5 in Summonings
  1975 | D:2      | You fall into a shaft and drop 1 floor!
  1975 | D:3      | Found the +7 staff of the Meek {protect, meekguard}
  2299 | D:3      | Noticed Robin
  2432 | D:2      | Reached XP level 5. HP: 16/35 MP: 10/10
  2573 | D:3      | Killed Robin
  2850 | D:3      | Reached XP level 6. HP: 18/41 MP: 8/12
  3012 | D:3      | Found a faded altar of an unknown god.
  3079 | D:3      | Learned a level 4 spell: Summon Blazeheart Golem
  3405 | D:4      | Reached skill level 6 in Summonings
  3451 | D:4      | Found a runed translucent gate.
  3451 | D:4      | Found a runed translucent gate.
  3452 | D:4      | Found a runed translucent gate.
  3454 | D:4      | Noticed olddryhag's ghost (novice CoWn)
  3472 | D:4      | Found a shimmering blue altar of Sif Muna.
  3657 | D:4      | Reached skill level 1 in Fire Magic
  3959 | D:4      | Found a roughly hewn altar of Beogh.
  4008 | D:5      | Entered Level 5 of the Dungeon
  4031 | D:5      | Reached XP level 7. HP: 46/46 MP: 14/14
  4146 | D:5      | Reached skill level 5 in Spellcasting
  4444 | D:5      | Reached skill level 7 in Summonings
  4444 | D:5      | Reached XP level 8. HP: 29/52 MP: 16/16
  5332 | D:5      | Reached skill level 1 in Fighting
  5427 | D:5      | Reached skill level 8 in Summonings
  5547 | D:5      | Reached XP level 9. HP: 61/61 MP: 19/19
  5765 | D:5      | HP: 1/62 [electric eel/bolt of electricity (12)]
  5765 | D:5      | Killed from afar by an electric eel

Illustrated notes

Levels and vault maps discovered:
D:1:      evilmike_arrival_crescent, layout_basic
D:2:      layout_loops_corners, hangedman_decor_slide_cut, uniq_jessica
D:3:      layout_rooms, nicolae_ecumenical_lake_church, dk_noncrumbling_4,
          st_stairs_7, uniq_robin
D:4:      layout_rooms, general_overflow_altar, biasface_ghost_orc_armoury,
          chequers_serial_rivers_small_a, corexii_corridor_pit
D:5:      cheibrodos_two_vegetables, layout_loops_corners, minmay_pentangle

Skill      XL: |  1  2  3  4  5  6  7  8 |
---------------+-------------------------+-----
Spellcasting   | 3 4 5 6 |  6.8
Summonings     | 5 6 7 8 |  8.2
Fire Magic     | 1 2 |  2.0
Fighting       | 2 |  2.5
Dodging        | 4 |  4.3
Stealth        | 3 |  3.7

Action                     |  1- 3 |  4- 6 |  7- 9 || total
---------------------------+-------+-------+-------++-------
  Melee: Unarmed           |   113 |       |       ||   113
         Dagger            |    37 |    19 |       ||    56
         Quarterstaff      |       |    94 |    98 ||   192
         Tailslap          |       |       |     5 ||     5
   Cast: Summon Small Mamm |    28 |    14 |     9 ||    51
         Call Canine Famil |       |     6 |     6 ||    12
         Summon Blazeheart |       |       |     3 ||     3
  Evoke: Wand              |       |       |     2 ||     2
   Stab: Sleeping          |     4 |     3 |     6 ||    13
 Armour: Robe              |   120 |   113 |    66 ||   299
         Steam dragon scal |       |       |    25 ||    25
  Dodge: Dodged            |   123 |   132 |    87 ||   342

Table legend: (Time is in decaauts)
 A = Elapsed time spent in this place.
 B = Non-inter-level travel time spent in this place.
 C = Inter-level travel time spent in this place.
 D = Time resting spent in this place.
 E = Time spent auto-exploring this place.
 F = Levels seen in this place.
 G = Mean time per level.
                   A        B        C        D        E       F      G
               +--------+--------+--------+--------+--------+-----+--------+
         Total |   5805 |   5711 |     94 |    439 |   4097 |   5 | 1161.0 |
       Dungeon |   5805 |   5711 |     94 |    439 |   4097 |   5 | 1161.0 |
               +--------+--------+--------+--------+--------+-----+--------+

Top non-repeatable levels by time:
     D:5: 1781 daAuts
     D:2: 1655 daAuts
     D:1: 876 daAuts
     D:3: 831 daAuts
     D:4: 661 daAuts
